 Dungeon Crawl Stone Soup version 0.29.1-1-gd02db6906a (webtiles) character file.

Game seed: 6342591319212695552

165 Icepheonix32 the Trooper (level 5, -18/48 HPs)
             Began as a Minotaur Fighter on Sept 21, 2022.
             Demolished by an ogre
             ... wielding a +0 giant club
              (21 damage)
             ... on level 4 of the Dungeon.
             The game lasted 00:03:46 (3115 turns).

Icepheonix32 the Trooper (Minotaur Fighter)         Turns: 3115, Time: 00:03:47

Health: -18/48     AC:  8    Str: 22    XL:     5   Next: 22%
Magic:  4/4        EV:  9    Int:  5    God:
Gold:   7          SH:  4    Dex: 10    Spells: 4/4 levels left

rFire   . . .      SeeInvis .   a - +0 war axe
rCold   . . .      Faith    .   c - +0 buckler
rNeg    . . .      Spirit   .   b - +0 scale mail
rPois   .          Reflect  .   (helmet restricted)
rElec   .          Harm     .   g - +0 cloak
rCorr   .          Rampage  .   (no gloves)
Will    .....                   (no boots)
Stlth   ..........              (no amulet)
HPRegen 0.16/turn               (no ring)
MPRegen 0.09/turn               (no ring)

@: no status effects
A: horns 2, retaliatory headbutt
a: no special abilities


You were on level 4 of the Dungeon.
You visited 1 branch of the dungeon, and saw 4 of its levels.

You collected 202 gold pieces.
You spent 195 gold pieces at shops.

Inventory:

Hand Weapons
 a - a +0 war axe (weapon)
Missiles
 l - 7 poisoned darts (quivered)
Armour
 b - a +0 scale mail (worn)
 c - a +0 buckler (worn)
 g - a +0 cloak (worn)
 v - a +0 chain mail
 w - a +0 tower shield
Wands
 u - a wand of polymorph (4)
Scrolls
 e - a scroll of blinking {unknown}
 f - 4 scrolls of torment {unknown}
 h - a scroll of vulnerability {unknown}
 j - a scroll of enchant weapon {unknown}
 k - 5 scrolls of enchant armour {unknown}
 m - 8 scrolls of identify {unknown}
 n - a scroll of poison {unknown}
 o - 2 scrolls of immolation {unknown}
 q - a scroll of magic mapping {unknown}
 r - a scroll of butterflies {unknown}
 s - a scroll of teleportation {unknown}
Potions
 d - 4 potions of might
 i - 3 potions of curing {unknown}
 p - 2 potions of cancellation {unknown}
 t - 2 potions of berserk rage {unknown}
 x - a potion of haste
 z - a potion of heal wounds


   Skills:
 * Level 5.1 Fighting
 + Level 3.9 Axes
 + Level 1.2 Throwing
 + Level 4.8 Armour
 + Level 3.9 Shields


You had 4 spell levels left.
You didn't know any spells.
Your spell library contained the following spells:

 Spells                   Type           Power      Damage    Failure   Level
 Sting                    Tmut/Pois      0%         1d3       86%         1
 Poisonous Vapours        Pois/Air       0%         N/A       95%         2
 Corpse Rot               Necr/Pois/Air  0%         N/A       100%        4
 Olgreb's Toxic Radiance  Pois           0%         N/A       100%        4


Dungeon Overview and Level Annotations

Branches:
Dungeon (4/15)
 Temple: D:4-7

Altars:
The Shining One

Shops:
D:3 :   D:4 *


Innate Abilities, Weirdness & Mutations

You have a pair of horns on your head.
You reflexively headbutt those who attack you in melee.


Message History

k - 5 scrolls labelled ZESACL NOSICK (gained 1)
Items here: ))) [[[[ ††.
Things that are here:
a +0 short sword; a +0 ring mail
Items here: ))) [[[[ ††.
v - a +0 chain mail;
w - a +0 tower shield You see here an iguana corpse.
l - 3 poisoned darts (gained 1)
l - 4 poisoned darts (gained 1)
l - 8 poisoned darts (gained 4)
Found a stone staircase leading down.
l - 9 poisoned darts (gained 1)
You open the door.
Found Vanni's General Store.
HP restored.
There is an open door here.
There is an entrance to Vanni's General Store here.
x - a potion of haste;
z - a potion of heal wounds Thank you for shopping at Vanni's General Store!
You can access your shopping list by pressing '$'.
There is an open door here.
As you open the door, it creaks loudly!
You hear a shout!
An ogre comes into view. It is wielding a +0 giant club.
The ogre shouts!
There is an open door here.
An ogre is nearby!
You throw a poisoned dart. The poisoned dart hits the ogre.
The ogre is poisoned.
The ogre hits you with a +0 giant club!!
The ogre attacks as you move away! The ogre barely misses you.
You throw a poisoned dart. The poisoned dart hits the ogre.
The ogre looks even sicker.
The ogre is moderately wounded.
The ogre attacks as you move away!
The ogre hits you with a +0 giant club!!
Ouch! That really hurt!
* * * LOW HITPOINT WARNING * * *
The ogre attacks as you move away!
The ogre hits you with a +0 giant club!!
You die...

.>.............####...........##
########.....†..###.............
#.....)..#^..............
#.....).......#########..
#.............# #..
#.............# ###
#........#..###
#........##..#######
#.......@..........#
#.......O.##..####.#
..........###.## #.# #
..#######.# #..# #.# # ..# #.#
##.# #.# ## ...# #(# #.# #.#
###. #'# #.# #.# #...
#.....(...##.###.###.##
#..........#..>......##


You could see an ogre (poisoned).

Vanquished Creatures
  An orc priest (D:3)
  An iguana (D:4)
  An adder (D:2)
  3 worms (D:2)
  4 dart slugs
  7 orcs
  6 ball pythons
  6 bats
  3 endoplasms (D:1)
  6 giant cockroaches
  6 goblins
  9 hobgoblins
  3 quokkas
  6 kobolds
  11 rats
73 creatures vanquished.

Notes
Turn   | Place    | Note
-------+----------+-------------------------------------------
     0 | D:1      | Icepheonix32 the Minotaur Fighter began the quest for the
                  | Orb.
     0 | D:1      | Reached XP level 1. HP: 19/19 MP: 0/0
   152 | D:1      | Reached skill level 4 in Fighting
   293 | D:1      | Reached XP level 2. HP: 27/27 MP: 1/1
   530 | D:1      | Found a faded altar of an unknown god.
   622 | D:1      | Reached XP level 3. HP: 33/33 MP: 2/2
  1227 | D:2      | Found a glowing golden altar of the Shining One.
  1593 | D:2      | Reached XP level 4. HP: 41/41 MP: 3/3
  2351 | D:3      | Reached skill level 1 in Throwing
  2367 | D:3      | Found Ilen's Book Shoppe.
  2557 | D:3      | Reached skill level 5 in Fighting
  2925 | D:4      | Reached XP level 5. HP: 22/48 MP: 4/4
  2972 | D:4      | Found Vanni's General Store.
  3089 | D:4      | Bought a potion of haste for 130 gold pieces
  3089 | D:4      | Bought a potion of heal wounds for 65 gold pieces
  3106 | D:4      | Noticed an ogre
  3115 | D:4      | Demolished by an ogre

Illustrated notes

Levels and vault maps discovered:
D:1:      nicolae_arrival_washed_ashore, layout_loops_ring,
          ebering_ecumenical_altar_hall
D:2:      kennysheep_six_static_rooms, layout_basic, basic_altar
D:3:      layout_basic, serial_shops, nicolae_shop_statue_plus
D:4:      layout_basic, grunt_temple_overflow_order_and_chaos_2,
          minmay_temple_entry_fiery, serial_shops, kennysheep_mini

Skill      XL: |  1  2  3  4 |
---------------+-------------+-----
Fighting       | 4 5 |  5.1
Armour         | 4 |  4.8
Axes           | 3 |  3.9
Throwing       | 1 |  1.2
Shields        | |  3.9

Action                   |  1- 3 |  4- 6 || total
-------------------------+-------+-------++-------
Melee: War axe           |    74 |    50 ||   124
       Headbutt          |    12 |     8 ||    20
Throw: Dart              |    27 |    15 ||    42
Armor: Scale mail        |    45 |    20 ||    65
Dodge: Dodged            |    38 |    25 ||    63
Block: Buckler           |    19 |    11 ||    30
